 Dungeon Crawl Stone Soup version 0.28.0-62-gf88900778d (webtiles) character file.

Game seed: 1766778584039464154

16604 cbfl8 the Cleaver (level 12, -5/154 HPs)
             Began as a Minotaur Berserker on June 27, 2023.
             Was an Elder of Trog.
             Slain by a two-headed ogre
             ... wielding a +0 giant club
              (29 damage)
             ... on level 13 of the Dungeon.
             The game lasted 00:17:50 (18466 turns).

cbfl8 the Cleaver (Minotaur Berserker)             Turns: 18466, Time: 00:17:51

Health: -5/154     AC: 17    Str: 24    XL:     12   Next: 11%
Magic:  11/11      EV:  8    Int:  8    God:    Trog [****..]
Gold:   508        SH: 17    Dex: 19    Spells: 11/11 levels left

rFire   . . .      SeeInvis .   u - +1 broad axe (drain)
rCold   . . .      Faith    +   d - +0 tower shield
rNeg    . . .      Spirit   .   r - +0 chain mail
rPois   .          Reflect  .   (helmet restricted)
rElec   +          Harm     .   f - +0 cloak
rCorr   .          Rampage  .   B - +1 pair of gloves
Will    .....                   C - +0 pair of boots
Stlth   ..........              m - amulet of Emibol {Faith rElec Int+4}
HPRegen 0.35/turn               D - ring of flight
MPRegen 0.12/turn               w - +6 ring of dexterity

@: berserking, lethally poisoned (-5 -> -9), flying, very quick
A: horns 2, retaliatory headbutt
a: Renounce Religion, Berserk, Trog's Hand, Brothers in Arms


You were on level 13 of the Dungeon.
You worshipped Trog.
Trog was greatly pleased with you.
You visited 1 branch of the dungeon, and saw 13 of its levels.
You visited 1 bazaar.

You collected 820 gold pieces.
You spent 312 gold pieces at shops.

Inventory:

Hand Weapons
 p - a +0 broad axe
 u - a +1 broad axe of draining (weapon)
Armour
 d - a +0 tower shield (worn)
 f - a +0 cloak (worn)
 r - a +0 chain mail (worn)
 B - a +1 pair of gloves (worn)
 C - a +0 pair of boots (worn)
Jewellery
 m - the amulet of Emibol (around neck) {Faith rElec Int+4}
   (You acquired it on level 7 of the Dungeon)

   [amulet of faith]

   It allows you to gain divine favour quickly.
   Int:       It affects your intelligence (+4).
   rElec:     It insulates you from electricity.
 w - a +6 ring of dexterity (right hand)
 D - a ring of flight (left hand)
Wands
 e - a wand of charming (6)
 h - a wand of flame (16)
 G - a wand of acid (7)
 H - a wand of iceblast (8)
Scrolls
 c - a scroll of blinking
 g - 2 scrolls of noise
 j - a scroll of magic mapping
 k - a scroll of immolation
 l - 3 scrolls of fog
 n - a scroll of enchant weapon {unknown}
 o - a scroll of holy word
 s - 6 scrolls of teleportation
 v - 4 scrolls of identify
 y - 2 scrolls of fear
Potions
 a - 2 potions of might
 b - 3 potions of attraction
 i - a potion of haste
 q - a potion of ambrosia
 t - 2 potions of lignification
 x - a potion of flight
 z - a potion of heal wounds
 F - a potion of curing
Miscellaneous
 A - a phantom mirror


   Skills:
 + Level 8.8 Fighting
 + Level 13.0 Axes
 + Level 10.5 Armour
 + Level 5.0 Dodging
 + Level 2.6 Stealth
 + Level 9.4 Shields
 * Level 8.3 Evocations


You had 11 spell levels left.
You didn't know any spells.
Your spell library was empty.

Dungeon Overview and Level Annotations

Branches:
Dungeon (13/15)            Temple (0/1) D:6            Lair (0/6) D:10
    Orc (0/2) D:10
 Vaults: D:13-14

Altars:
Dithmenos
Fedhas
Nemelex Xobeh
Sif Muna
Wu Jian
Yredelemnul
Zin

Shops:
D:2 [   D:8 *   D:13 =

Annotations:
D:9 3 runed translucent doors, cbfl8's ghost, novice MiBe


Innate Abilities, Weirdness & Mutations

You have a pair of horns on your head.
You reflexively headbutt those who attack you in melee.


Message History

You headbutt the two-headed ogre. You block the two-headed ogre's attack.
You are too injured to fight recklessly!
Unknown command.
Calm down first, please.
Calm down first, please.
You barely miss the two-headed ogre.
The two-headed ogre is lightly wounded.
You hit the meliai. You drain the meliai. You barely miss the meliai.
You feel sick. The meliai hits you but does no damage.
You block the meliai's attack. The meliai hits you with a +0 war axe!
* * * LOW HITPOINT WARNING * * *
The meliai stings you but does no damage.
You block the meliai's attack. x2; The meliai hits you with a +0 war axe.
* * * LOW HITPOINT WARNING * * *
The meliai barely misses you.
You slash the two-headed ogre!
The two-headed ogre is moderately wounded.
You miss the meliai. You barely miss the meliai.
You feel sick. You block the meliai's attack. x2
The meliai calls upon its god to heal the meliai.
The meliai is healed somewhat.
The two-headed ogre barely misses you. You furiously retaliate!
You headbutt the two-headed ogre! The two-headed ogre barely misses you.
The meliai hits you with a +0 hand axe.
* * * LOW HITPOINT WARNING * * *
The meliai stings you but does no damage.
The meliai hits you but does no damage.
The meliai stings you but does no damage.
You slice the two-headed ogre!!
Your headbutt misses the two-headed ogre.
The two-headed ogre is almost dead.
You hit the meliai. You drain the meliai. You hit the meliai.
You drain the meliai.
You feel sick. The meliai closely misses you. You furiously retaliate!
You headbutt the meliai!
You kill the meliai!
Trog accepts your kill. You block the meliai's attack.
The meliai closely misses you.
The meliai calls upon its god to heal the meliai.
The meliai is healed somewhat.
The two-headed ogre hits you with a +0 giant club!!
You die...

.##.............##..###..##.....#
.##....##....#......# #..##.....#
.........................##......
###+##########+####..............
# #......###############
#......#......# #......#......#
#...yyO#......#
#############@##+#...##
#................#...###
#......###.......'.....#
#................#.....#
+......[.........#.....#
#+##.###............#.....#
.....###............#############
.................................
.##........................##....


You could see a two-headed ogre and 2 meliai.

Vanquished Creatures
  Snorg (D:11)
  Harold (D:10)
  A boulder beetle (D:11)
  A two-headed ogre (D:11)
  Pikel (D:4)
  A deep elf pyromancer (D:12)
  3 cyclopes (D:12)
  2 gargoyles (D:11)
  4 kobold demonologists
  An unseen horror (D:11)
  A troll (D:13)
  A meliai (D:13)
  A meliai zombie (D:11)
  A slime creature (D:11)
  5 wraiths
  9 yaks
  2 shadows (D:11)
  Eustachio (D:4)
  A redback (D:11)
  Menkaure (D:5)
  2 vampire mosquitoes
  3 steam dragons
  2 acid dragons
  A water moccasin (D:7)
  2 sky beasts
  4 orc warriors
  4 ogres
  4 black bears
  5 centaurs
  4 necrophages
  A phantom (D:6)
  3 lemures (D:4)
  5 kobold brigands
  A bullfrog (D:6)
  A wyvern zombie (D:6)
  7 scorpions
  A water moccasin zombie (D:5)
  8 killer bees
  8 wights
  A howler monkey (D:11)
  4 centaur zombies
  2 gnoll shamans
  3 jellies
  5 hounds
  A centaur skeleton (D:6)
  An orc priest (D:3)
  A bullfrog skeleton (D:4)
  3 iguanas
  8 orc wizards
  A hound skeleton (D:4)
  A howler monkey zombie (D:5)
  3 gnolls (D:7)
  A howler monkey skeleton (D:5)
  7 adders
  A shadow imp (D:6)
  An adder skeleton (D:5)
  3 dart slugs
  41 orcs
  5 endoplasms
  8 giant cockroaches
  5 goblins
  12 hobgoblins
  11 jackals
  16 kobolds
  3 quokkas
  9 ball pythons
  4 bats
  4 frilled lizards
  3 rats (D:1)
  2 butterflies (D:8)
275 creatures vanquished.

Vanquished Creatures (collateral kills)
  A boulder beetle (D:9)
1 creature vanquished.

Vanquished Creatures (others)
  A bush (D:5)
  17 plants
18 creatures vanquished.

Grand Total: 294 creatures vanquished

Notes
Turn   | Place    | Note
-------+----------+-------------------------------------------
     0 | D:1      | cbfl8 the Minotaur Berserker began the quest for the Orb.
     0 | D:1      | Reached XP level 1. HP: 19/19 MP: 0/0
    45 | D:1      | Reached XP level 2. HP: 9/27 MP: 1/1
  1116 | D:2      | Found Fituciw's Antique Armour Emporium.
  1124 | D:2      | Reached XP level 3. HP: 33/33 MP: 2/2
  1134 | D:2      | Reached skill level 1 in Evocations
  1259 | D:2      | Reached ** piety under Trog
  2299 | D:3      | Found a shimmering blue altar of Sif Muna.
  2310 | D:3      | Reached skill level 4 in Axes
  2310 | D:3      | Reached skill level 1 in Shields
  2310 | D:3      | Reached XP level 4. HP: 28/41 MP: 3/3
  3037 | D:3      | Found a faded altar of an unknown god.
  3079 | D:3      | Reached XP level 5. HP: 21/47 MP: 4/4
  4153 | D:4      | Noticed Eustachio
  4155 | D:4      | Noticed a necrophage
  4168 | D:4      | Killed a necrophage
  4172 | D:4      | Killed Eustachio
  4173 | D:4      | Reached skill level 5 in Axes
  4173 | D:4      | Reached XP level 6. HP: 31/53 MP: 5/5
  4889 | D:4      | Found a basalt altar of Yredelemnul.
  4905 | D:4      | You fall into a shaft and drop 2 floors!
  4949 | D:6      | Reached XP level 7. HP: 53/60 MP: 6/6
  5009 | D:6      | Noticed a steam dragon
  5020 | D:6      | Reached skill level 5 in Fighting
  5020 | D:6      | Killed a steam dragon
  5021 | D:6      | Reached skill level 6 in Axes
  5021 | D:6      | Reached skill level 5 in Armour
  5209 | D:5      | Entered Level 5 of the Dungeon
  5448 | D:4      | Noticed Pikel
  5458 | D:4      | Killed Pikel
  5459 | D:4      | Reached skill level 7 in Axes
  5459 | D:4      | Reached XP level 8. HP: 45/70 MP: 7/7
  6037 | D:4      | Found a sparkling altar of Nemelex Xobeh.
  6494 | D:5      | Found an ornate altar of the Wu Jian Council.
  6769 | D:5      | Reached skill level 5 in Shields
  6769 | D:5      | Reached XP level 9. HP: 39/75 MP: 8/8
  7017 | D:5      | Reached skill level 8 in Axes
  7036 | D:5      | Noticed Menkaure
  7048 | D:5      | HP: 1/75 [Menkaure (13)]
  7049 | D:5      | Killed Menkaure
  7049 | D:5      | Reached *** piety under Trog
  7652 | D:5      | Found a blossoming altar of Fedhas.
  8033 | D:6      | Reached skill level 5 in Evocations
  8044 | D:6      | HP: 3/75 [bullfrog (7)]
  8046 | D:6      | Reached skill level 1 in Stealth
  8211 | D:6      | Found a glowing silver altar of Zin.
  8440 | D:6      | Found a staircase to the Ecumenical Temple.
  8783 | D:7      | HP: 2/112 [wight/+8 halberd (4)]
  9238 | D:7      | Reached skill level 9 in Axes
 10107 | D:7      | Found a shadowy altar of Dithmenos.
 10128 | D:7      | Reached XP level 10. HP: 84/84 MP: 9/9
 10420 | D:7      | Identified a scroll of acquirement
 10421 | D:7      | Acquired the amulet of Emibol {Faith rElec Int+4}
 10829 | D:8      | Found Awemm's General Store.
 10874 | D:8      | Bought a scroll of identify for 26 gold pieces
 10874 | D:8      | Bought a potion of heal wounds for 65 gold pieces
 11271 | D:8      | Found a runed translucent door.
 11339 | D:8      | Found a runed translucent door.
 11412 | D:8      | Reached **** piety under Trog
 11894 | D:9      | Found a runed translucent gate.
 11894 | D:9      | Found a runed translucent gate.
 11894 | D:9      | Found a runed translucent gate.
 12100 | D:9      | Noticed cbfl8's ghost (novice MiBe)
 12100 | D:9      | Noticed a spectral centaur warrior
 12100 | D:9      | Noticed a spectral centaur warrior
 12175 | D:9      | Reached skill level 10 in Axes
 12323 | D:9      | Noticed a boulder beetle
 12356 | D:9      | Killed a boulder beetle
 12839 | D:10     | Entered Level 10 of the Dungeon
 13308 | D:10     | Noticed Harold
 13317 | D:10     | Killed Harold
 13476 | D:10     | Found a staircase to the Lair.
 13682 | D:10     | Found a staircase to the Orcish Mines.
 13865 | D:11     | Noticed Snorg
 13924 | D:11     | Noticed a gargoyle
 13961 | D:11     | Killed a gargoyle
 13962 | D:11     | Reached skill level 11 in Axes
 13966 | D:11     | Reached XP level 11. HP: 91/92 MP: 10/10
 13981 | D:11     | Found a flickering gateway to a bazaar.
 13990 | Bazaar   | Entered a bazaar
 13990 | Bazaar   | Found Wostat's General Store.
 13990 | Bazaar   | Found Reufru's Magic Scroll Shoppe.
 13990 | Bazaar   | Found Daliahoz's Armour Emporium.
 13990 | Bazaar   | Found Adiaxkoe's Magic Scroll Shoppe.
 14052 | Bazaar   | Bought a scroll of teleportation for 33 gold pieces
 14060 | Bazaar   | Bought a scroll of teleportation for 30 gold pieces
 14060 | Bazaar   | Bought a scroll of teleportation for 30 gold pieces
 14060 | Bazaar   | Bought a scroll of identify for 20 gold pieces
 14060 | Bazaar   | Bought a scroll of identify for 20 gold pieces
 14068 | Bazaar   | Bought a scroll of identify for 22 gold pieces
 14068 | Bazaar   | Bought a scroll of identify for 22 gold pieces
 14068 | Bazaar   | Bought a scroll of identify for 22 gold pieces
 14073 | Bazaar   | Bought a scroll of identify for 22 gold pieces
 14295 | D:11     | Noticed a two-headed ogre
 14299 | D:11     | Noticed a boulder beetle
 14301 | D:11     | Killed a two-headed ogre
 14744 | D:11     | Killed a boulder beetle
 15430 | D:11     | Killed Snorg
 15678 | D:11     | Reached skill level 12 in Axes
 15983 | D:11     | Reached skill level 5 in Dodging
 16203 | D:12     | Reached skill level 10 in Armour
 16343 | D:12     | Noticed a deep elf pyromancer
 16354 | D:12     | Killed a deep elf pyromancer
 17488 | D:12     | Reached XP level 12. HP: 103/103 MP: 11/11
 18120 | D:13     | Reached skill level 13 in Axes
 18325 | D:13     | Found Toceipyr's Jewellery Boutique.
 18460 | D:13     | Noticed a two-headed ogre
 18466 | D:13     | Slain by a two-headed ogre

Illustrated notes

Levels and vault maps discovered:
D:1:      saegor_arrival_simple_b, layout_loops_cross
D:2:      layout_basic, serial_shops, nicolae_shop_advertising_works
          [nicolae_subvault_shop_adworks]
D:3:      layout_basic, mainiacjoe_overflow_paths,
          hellmonk_ecumenical_altar_inner_sanctum, serial_bayou_pond_b
D:4:      layout_loops_ring, nemelex_diamond_rough_becter,
          mainiacjoe_overflow_surrounded_room, grunt_ministairs_8, uniq_pikel,
          uniq_eustachio
D:5:      layout_cave_pools, fedhas_altar_decomposition,
          mainiacjoe_overflow_alcove_2, kennysheep_minor_cross, st_stairs_8,
          uniq_menkaure
D:6:      black_bear_nest_1, layout_basic, minmay_temple_entry_butterflies,
          minmay_ruined_shrine
D:7:      layout_gridville, mainiacjoe_overflow_boulevard
D:8:      lemuel_insect_pit, layout_cave_pods, nicolae_stop_n_shop_1
D:9:      corexii_shack_village, layout_basic, gammafunk_ghost_necromancy,
          corexii_leaking_fountain
D:10:     layout_gridville, lair_entry_dummy, orc_0_dummy,
          mrwooster_statue_mirror, uniq_harold
D:11:     hangedman_cross_stitches, layout_irregular_city, serial_shops,
          bzr_firewalk, chequers_jeans, uniq_snorg
D:12:     layout_cave_pods
D:13:     layout_stronghold, serial_shops, shop

Skill      XL: |  1  2  3  4  5  6  7  8  9 10 11 12 |
---------------+-------------------------------------+-----
Fighting       | 4 5 6 7 8 |  8.8
Evocations     | 1 2 4 5 6 8 |  8.3
Axes           | 4 5 7 9 11 12 13 | 13.0
Armour         | 3 4 6 8 9 10 | 10.5
Shields        | 1 2 3 4 5 6 8 9 |  9.4
Dodging        | 3 4 5 |  5.0
Stealth        | 1 2 |  2.6

Action                   |  1- 3 |  4- 6 |  7- 9 | 10-12 || total
-------------------------+-------+-------+-------+-------++-------
Melee: Hand axe          |   114 |    79 |   169 |       ||   362
       Headbutt          |     8 |     8 |    50 |    78 ||   144
       Broad axe         |       |       |    47 |   267 ||   314
       War axe           |       |       |    13 |    52 ||    65
Invok: Berserk           |       |     4 |     7 |     8 ||    19
       Trog's Hand       |       |       |     1 |     4 ||     5
       Brothers in Arms  |       |       |       |     1 ||     1
Evoke: Wand              |       |       |       |     3 ||     3
  Use: Scroll            |       |     5 |     8 |    13 ||    26
       Potion            |       |       |     5 |     1 ||     6
Armor: Animal skin       |     3 |       |       |       ||     3
       Scale mail        |    48 |    37 |    76 |       ||   161
       Chain mail        |       |       |    95 |   142 ||   237
Dodge: Dodged            |    46 |    19 |    83 |   103 ||   251
Block: Tower shield      |    61 |    45 |   210 |   340 ||   656
